 Dungeon Crawl Stone Soup version 0.30-a0-782-ge64f9170bb (webtiles) character file.

Game seed: 16028466702075946594

16 Iscandelvey the Vexing (level 2, 21/21 HPs)
             Began as a Demonspawn Hexslinger on Feb 25, 2023.
             Quit the game on level 1 of the Dungeon.
             The game lasted 00:00:37 (408 turns).

Iscandelvey the Vexing (Demonspawn Hexslinger)       Turns: 408, Time: 00:00:37

Health: 21/21      AC:  2    Str: 10    XL:     2   Next: 41%
Magic:  3/3        EV: 12    Int: 14    God:
Gold:   83         SH:  0    Dex: 13    Spells: 2/3 levels left

rFire   . . .      SeeInvis .    a - +1 sling
rCold   . . .      Faith    .    (no shield)
rNeg    . . .      Spirit   .    c - +0 robe
rPois   .          Reflect  .    (no helmet)
rElec   .          Harm     .    (no cloak)
rCorr   .          Rampage  .    (no gloves)
Will    .....                    (no boots)
Stlth   +                        (no amulet)
HPRegen 0.23/turn                (no ring)
MPRegen 0.08/turn                (no ring)

@: no status effects
A: demonic touch 1
a: no special abilities


You were on level 1 of the Dungeon.
You visited 1 branch of the dungeon, and saw 1 of its levels.

You collected 83 gold pieces.

Inventory:

Hand Weapons
 a - a +1 sling (weapon)
Armour
 c - a +0 robe (worn)
Scrolls
 b - a scroll of poison
 d - 2 scrolls of fear {unknown}
 f - 2 scrolls of identify {unknown}
 g - a scroll of summoning {unknown}
 h - a scroll of enchant weapon {unknown}
 i - a scroll of amnesia {unknown}
 k - a scroll of torment {unknown}
Potions
 e - a potion of invisibility {unknown}
 j - 2 potions of lignification {unknown}
 l - a potion of magic {unknown}
 m - a potion of haste {unknown}
 n - a potion of heal wounds {unknown}


   Skills:
 + Level 1.3 Fighting
 + Level 2.0 Ranged Weapons
 + Level 2.0 Dodging
 + Level 1.3 Spellcasting
 + Level 3.1 Hexes


You had 2 spell levels left.
You knew the following spells:

 Your Spells              Type           Power      Damage    Failure   Level
a - Slow                  Hex            36%        N/A       7%          1

Your spell library contained the following spells:

 Spells                   Type           Power      Damage    Failure   Level
 Inner Flame              Hex/Fire       5%         N/A       38%         3
 Portal Projectile        Hex/Tloc       10%        N/A       38%         3
 Cause Fear               Hex            4%         N/A       56%         4


Dungeon Overview and Level Annotations

Branches:
Dungeon (1/15)

Altars:

Annotations:
D:1 2 transporters


Innate Abilities, Weirdness & Mutations

Your touch may inflict minor irresistible damage on your foes.


Message History

You enter the shallow water.
Moving in this stuff is going to be slow.
Found a dagger.
m - a fizzy clear potion No target in view!
No target in view!
A ball python comes into view.
You shoot a sling bullet. The sling bullet hits the ball python!
You kill the ball python!
You now have 75 gold pieces (gained 14).
n - a blue potion No target in view!
A kobold comes into view. It is wielding a +0 club.
Found 8 gold pieces.
You shoot a sling bullet. The sling bullet hits the kobold.
You kill the kobold!
You hear a shout!
No target in view!
A goblin comes into view. It is wielding a +0 dagger.
The goblin shouts!
You shoot a sling bullet.
The sling bullet closely misses the goblin.
A goblin is nearby!
You shoot a sling bullet. The sling bullet hits the goblin.
The goblin is severely wounded.
The goblin closely misses you.
You shoot a sling bullet. The sling bullet hits the goblin.
You kill the goblin!
No target in view!
You see here a +0 dagger.
You now have 83 gold pieces (gained 8).
f - 2 scrolls labelled QARE LAADAF (gained 1)
You see here a +0 dagger.
There is a stone staircase leading down here.
There is a stone staircase leading down here.
Partly explored, unvisited transporter.
No target in view!
Partly explored, unvisited transporter.
Partly explored, unvisited transporter.
Are you sure you want to abandon this character and quit the game? (Confirm with "yes".)

#.........#..
#...>.....##.
#.........##.
######.#####. #..## ##
###############..####
##.....#..............
##.............###.####
#.....@.........##..#
#...............###.#
#...............###.###
#...............#......
#...............#..~≈≈≈
##.............#~≈≈≈≈~~
##.....#....≈≈≈≈≈≈≈~~.
#########.≈≈≈≈≈≈≈≈~.©
#~≈≈≈≈≈≈≈≈~⌠>


There were no monsters in sight!

Vanquished Creatures
  A worm (D:1)
  A dart slug (D:1)
  A bat (D:1)
  An endoplasm (D:1)
  A giant cockroach (D:1)
  A goblin (D:1)
  A kobold (D:1)
  A quokka (D:1)
  A ball python (D:1)
  2 frilled lizards (D:1)
11 creatures vanquished.

Notes
Turn   | Place    | Note
-------+----------+-------------------------------------------
     0 | D:1      | Iscandelvey the Demonspawn Hexslinger began the quest for
                  | the Orb.
     0 | D:1      | Reached XP level 1. HP: 15/15 MP: 2/2
    79 | D:1      | Gained mutation: Your touch may inflict minor irresistible
                  | damage on your foes. [demonic ancestry]
    79 | D:1      | Reached XP level 2. HP: 21/21 MP: 3/3
   245 | D:1      | Found a faded altar of an unknown god.
   408 | D:1      | Quit the game

Illustrated notes

Levels and vault maps discovered:
D:1:      spicycebolla_arrival_transporter_tutorial, layout_rooms,
          shapermc_ecumenical_altar_hornbeckon, nicolae_wormholes

Skill      XL: |  1  2 |
---------------+-------+-----
Dodging        | 2 |  2.0
Ranged Weapons | 2 |  2.0
Fighting       | |  1.3
Spellcasting   | |  1.3
Hexes          | |  3.1

Action                     || total
---------------------------++-------
   Fire: Sling             ||    28
 Armour: Robe              ||     1
  Dodge: Dodged            ||     6

Table legend: (Time is in decaauts)
 A = Elapsed time spent in this place.
 B = Non-inter-level travel time spent in this place.
 C = Inter-level travel time spent in this place.
 D = Time resting spent in this place.
 E = Time spent auto-exploring this place.
 F = Levels seen in this place.
 G = Mean time per level.
                   A        B        C        D        E       F      G
               +--------+--------+--------+--------+--------+-----+--------+
         Total |    422 |    422 |      0 |      0 |    354 |   1 |  422.0 |
       Dungeon |    422 |    422 |      0 |      0 |    354 |   1 |  422.0 |
               +--------+--------+--------+--------+--------+-----+--------+

Top non-repeatable levels by time:
     D:1: 422 daAuts
